 Dungeon Crawl Stone Soup version 0.31-a0-765-g67fe2935dc (webtiles) character file.

Game seed: 11485550395283310386

406 Bnni the Digger (level 7, -1/50 HPs)
             Began as a Formicid Earth Elementalist on Sept 16, 2023.
             Slain by an orc warrior
             ... wielding a +0 glaive
              (10 damage)
             ... on level 4 of the Dungeon.
             The game lasted 00:07:17 (3876 turns).

Bnni the Digger (Formicid Earth Elementalist)       Turns: 3876, Time: 00:07:17

Health: -1/50      AC: 11    Str: 13    XL:     7   Next: 12%
Magic:  10/12      EV: 12    Int: 16    God:
Gold:   232        SH:  0    Dex: 14    Spells: 2/12 levels left

rFire   . . .        o - +2 dagger (venom)
rCold   . . .        (no shield)
rNeg    . . .        a - +0 robe
rPois   .            (helmet unavailable)
rElec   .            (no cloak)
rCorr   .            h - +0 pair of gloves
SInv    +            (no boots)
Will    .....        (no amulet)
Stlth   ++           p - +4 ring of protection
HPRegen 0.28/turn    n - +4 ring of protection
MPRegen 0.13/turn

%: no passive effects
@: no status effects
A: permanent stasis, dig shafts and tunnels, antennae 3, four strong arms
a: Dig, Shaft Self


You were on level 4 of the Dungeon.
You visited 1 branch of the dungeon, and saw 4 of its levels.
You also visited: Sewer.

You collected 232 gold pieces.

Inventory:

Hand Weapons
 o - a +2 dagger of venom (weapon)
Missiles
 q - 8 poisoned darts
Armour
 a - a +0 robe (worn)
 e - a +0 chain mail
 f - a +0 ring mail
 h - a +0 pair of gloves (worn)
Jewellery
 c - a ring of poison resistance
 n - a +4 ring of protection (right hand)
 p - a +4 ring of protection (left hand)
Scrolls
 d - a scroll of enchant weapon {unknown}
 i - 2 scrolls of poison {unknown}
 j - a scroll of amnesia {unknown}
 l - 3 scrolls of noise {unknown}
 s - a scroll of revelation {unknown}
 u - a scroll of enchant armour {unknown}
Potions
 b - 2 potions of magic
 g - 5 potions of curing
 k - a potion of resistance
 m - a potion of brilliance
 r - a potion of ambrosia
 t - a potion of berserk rage {unknown}
 v - 2 potions of attraction
 w - a potion of invisibility {unknown}


   Skills:
 + Level 2.3 Fighting
 - Level 1.7 Dodging
 - Level 2.4 Stealth
 + Level 3.4 Spellcasting
 - Level 3.0 Conjurations
 - Level 3.0 Transmutations
 * Level 5.7 Earth Magic


You had 2 spell levels left.
You knew the following spells:

 Your Spells              Type           Power      Damage    Failure   Level
a - Sandblast             Erth           42%        2d11      1%          1
b - Passwall              Tmut/Erth      13%        N/A       4%          2
c - Stone Arrow           Conj/Erth      32%        3d9       9%          3
d - Petrify               Tmut/Erth      16%        N/A       30%         4

Your spell library contained the following spells:

 Spells                   Type           Power      Damage    Failure   Level


Dungeon Overview and Level Annotations

Branches:
Dungeon (4/15)              Sewer (visited)
 Temple: D:4-7

Altars:


Innate Abilities, Weirdness & Mutations

You cannot be hasted, slowed, berserked, paralysed or teleported.
You can dig through walls and to a lower floor.
You have a pair of large antennae on your head. (SInv)
Your four strong arms can wield two-handed weapons with a shield.


Message History

Unknown command.
The orc priest mumbles some strange prayers to Beogh against you.
Pain shoots through your body!
Aiming: Sandblast (safe; 1% risk of failure)
Press: ? - help, Q - select action, (/) - cycle Shift-Dir - straight line, f - orc priest
Aim: an orc priest, wielding a +0 club and wearing a +0 leather armour (83% to hit)
The blast of sand hits the orc priest.
The orc priest is moderately wounded.
The orc priest calls down the wrath of Beogh upon you.
Beogh smites you!
Aiming: Sandblast (safe; 1% risk of failure)
Press: ? - help, Q - select action, (/) - cycle Shift-Dir - straight line, f/p - orc priest
Aim: an orc priest, wielding a +0 club and wearing a +0 leather armour (moderately wounded, 83% to hit)
The blast of sand hits the orc priest!
You kill the orc priest!
The orc warrior hits you from afar with a +0 glaive!
* * * LOW HITPOINT WARNING * * *
Training target 3.0 for Conjurations reached!
Your Conjurations skill increases to level 3!
Okay, then.
You feel better. The orc warrior misses you.
Aiming: Sandblast (safe; 1% risk of failure)
Press: ? - help, Q - select action, (/) - cycle Shift-Dir - straight line, f - orc warrior
Aim: an orc warrior, wielding a +0 glaive and wearing a +0 chain mail (81% to hit)
The blast of sand hits the orc warrior but does no damage.
The orc warrior closely misses you. The orc warrior barely misses you.
The orc throws a boomerang.
The boomerang hits you but does no damage.
The orc warrior attacks as it pursues you!
The orc warrior hits you from afar with a +0 glaive!
* * * LOW HITPOINT WARNING * * *
You feel better.
The orc warrior hits you but does no damage.
The orc warrior hits you with a +0 glaive.
* * * LOW HITPOINT WARNING * * *
The orc closely misses you.
Unknown command.
You hit the orc warrior but do no damage.
The orc warrior hits you with a +0 glaive!
You die...

#............# ##...
#...{.....#..# ##..
{{..).....##.# #...
.o.........#.#{ { {#...
.....[.......##{ #### { #...
..#........#..#####..#
####....
###....###.#........##
........
...........o.##.>####........
.....#....o@...............#
................##.........#
............#####..........
..#####........###..........#
... ##.............#.....#.
......#......##............#.
.............#..##...........
.....###.#..#....###.......##
....####.#....##.....##...#


You could see an orc warrior and an orc.

Vanquished Creatures
  A jelly (D:4)
  An orc priest (D:4)
  A sleepcap (D:4)
  Terence (D:2)
  8 gnolls
  3 river rats (Sewer)
  7 adders
  2 worms (D:3)
  3 dart slugs
  6 orcs
  13 ball pythons
  10 endoplasms
  4 giant cockroaches
  9 goblins
  4 hobgoblins
  7 jackals
  5 quokkas
  4 bats
  8 frilled lizards
  8 kobolds
  13 rats
118 creatures vanquished.

Notes
Turn   | Place    | Note
-------+----------+-------------------------------------------
     0 | D:1      | Bnni the Formicid Earth Elementalist began the quest for
                  | the Orb.
     0 | D:1      | Reached XP level 1. HP: 13/13 MP: 3/3
   164 | D:1      | Reached XP level 2. HP: 19/19 MP: 1/5
   397 | D:1      | Reached skill level 4 in Earth Magic
   493 | D:1      | Reached XP level 3. HP: 25/25 MP: 4/6
   562 | D:1      | Reached skill level 1 in Conjurations
   737 | D:1      | Learned a level 2 spell: Passwall
   830 | D:1      | Learned a level 3 spell: Stone Arrow
  1120 | D:2      | Noticed Terence
  1221 | D:2      | Reached XP level 4. HP: 31/31 MP: 4/7
  1583 | D:2      | Killed Terence
  1584 | D:2      | Reached skill level 1 in Fighting
  1584 | D:2      | Reached XP level 5. HP: 23/37 MP: 7/9
  2365 | D:3      | Learned a level 4 spell: Petrify
  2427 | D:3      | Reached XP level 6. HP: 43/43 MP: 8/10
  2949 | D:4      | Noticed an orc warrior
  2968 | D:4      | Reached skill level 5 in Earth Magic
  3201 | D:4      | Found a glowing drain.
  3206 | Sewer    | Entered a sewer
  3569 | Sewer    | Reached XP level 7. HP: 50/50 MP: 12/12
  3876 | D:4      | Slain by an orc warrior

Illustrated notes

Levels and vault maps discovered:
D:1:      amcnicky_arrival_double_pillar, layout_loops_cross
D:2:      layout_rooms, serial_park_tiny_1, uniq_terence
D:3:      layout_basic
D:4:      minmay_octagon_keep, layout_cave_pools, portal_sewer_entry_e

Skill      XL: |  1  2  3  4  5  6  7 |
---------------+----------------------+-----
Earth Magic    | 4 5 |  5.7
Conjurations   | 1 2 3 |  3.0
Transmutations | 2 3 |  3.0
Fighting       | 1 2 |  2.3
Spellcasting   | 3 |  3.4
Dodging        | |  1.7
Stealth        | |  2.4

Action                     |  1- 3 |  4- 6 |  7- 9 || total
---------------------------+-------+-------+-------++-------
  Melee: Dagger            |    22 |   120 |     1 ||   143
         Mace              |       |     3 |       ||     3
         Punch             |       |     1 |       ||     1
   Cast: Sandblast         |    54 |    83 |    12 ||   149
    Use: Scroll            |       |     6 |     1 ||     7
         Potion            |       |       |     2 ||     2
   Stab: Sleeping          |       |     5 |       ||     5
 Armour: Robe              |    27 |    92 |     6 ||   125
  Dodge: Dodged            |    35 |    89 |     4 ||   128

Table legend: (Time is in decaauts)
 A = Elapsed time spent in this place.
 B = Non-inter-level travel time spent in this place.
 C = Inter-level travel time spent in this place.
 D = Time resting spent in this place.
 E = Time spent auto-exploring this place.
 F = Levels seen in this place.
 G = Mean time per level.
                   A        B        C        D        E       F      G
               +--------+--------+--------+--------+--------+-----+--------+
         Total |   3990 |   3882 |    108 |    474 |   2483 |   5 |  798.0 |
       Dungeon |   3493 |   3385 |    108 |    462 |   2225 |   4 |  873.2 |
         Sewer |    497 |    497 |      0 |     12 |    257 |   1 |  497.0 |
               +--------+--------+--------+--------+--------+-----+--------+

Top non-repeatable levels by time:
     D:1: 1132 daAuts
     D:3: 1063 daAuts
     D:2: 930 daAuts
   Sewer: 497 daAuts
     D:4: 367 daAuts
